 Dungeon Crawl Stone Soup version 0.30.0-29-ga12c61a403 (webtiles) character file.

Game seed: 10770575605477792004

21 H0rd4k the Charlatan (level 3, -2/26 HPs)
             Began as a Human Artificer on June 21, 2023.
             Slain by a kobold
             ... wielding a +0 club
              (4 damage)
             ... on level 1 of the Dungeon.
             The game lasted 00:00:38 (448 turns).

H0rd4k the Charlatan (Human Artificer)               Turns: 448, Time: 00:00:38

Health: -2/26      AC:  3    Str: 12    XL:     3   Next: 2%
Magic:  3/3        EV: 11    Int: 13    God:
Gold:   13         SH:  0    Dex: 13    Spells: 2/2 levels left

rFire   . . .        a - +0 club
rCold   . . .        (no shield)
rNeg    . . .        b - +0 leather armour
rPois   .            (no helmet)
rElec   .            (no cloak)
rCorr   .            (no gloves)
SInv    .            (no boots)
Will    .....        (no amulet)
Stlth   +            (no ring)
HPRegen 0.24/turn    (no ring)
MPRegen 0.08/turn

%: no passive effects
@: no status effects
A: no striking features
a: no special abilities


You were on level 1 of the Dungeon.
You visited 1 branch of the dungeon, and saw 1 of its levels.

You collected 13 gold pieces.

Inventory:

Hand Weapons
 a - a +0 club (weapon)
Armour
 b - a +0 leather armour (worn)
Wands
 c - a wand of flame (15) (quivered)
 d - a wand of charming (12)
 e - a wand of iceblast (4)
Scrolls
 g - a scroll of teleportation {unknown}
 h - a scroll of noise {unknown}
 i - a scroll of acquirement {unknown}
Potions
 f - a potion of mutation {unknown}


   Skills:
 + Level 1.1 Fighting
 + Level 0.3 Maces & Flails
 - Level 2.0 Armour
 + Level 1.3 Dodging
 + Level 1.0 Stealth
 + Level 3.7 Evocations


You had 2 spell levels left.
You didn't know any spells.
Your spell library was empty.

Dungeon Overview and Level Annotations

Branches:
Dungeon (1/15)

Altars:


Message History

The kobold throws a stone.
The stone barely misses you.
The frilled lizard bites you but does no damage.
You have reached level 3!
Your experience leads to an increase in your attributes!
Increase (S)trength, (I)ntelligence, or (D)exterity?
You feel clever. x2
You miss the frilled lizard.
The frilled lizard bites you but does no damage.
You completely miss the frilled lizard. The frilled lizard barely misses you.
You hit the frilled lizard.
You kill the frilled lizard!
The kobold throws a stone.
The stone closely misses you.
The kobold throws a stone.
The stone hits you but does no damage.
You hit the kobold but do no damage. The kobold hits you with a +0 club.
You hit the kobold. Your punch misses the kobold.
The kobold is heavily wounded.
The kobold hits you with a +0 club.
You closely miss the kobold.
The kobold is heavily wounded.
The kobold hits you with a +0 club.
* * * LOW HITPOINT WARNING * * *
You closely miss the kobold.
The kobold is heavily wounded.
The kobold hits you with a +0 club.
* * * LOW HITPOINT WARNING * * *
The kobold barely misses you.
You barely miss the kobold.
The kobold is heavily wounded.
The kobold hits you with a +0 club.
* * * LOW HITPOINT WARNING * * *
Aiming: Charm
Press: ? - help, Shift-Dir - straight line, f - kobold
Aim: a kobold, wielding a +0 club and quivering stones (heavily wounded, chance to affect: 75%)
The kobold struggles to resist.
The kobold hits you but does no damage.
Unknown command.
Aiming: Charm
Press: ? - help, Shift-Dir - straight line, f/p - kobold
Aim: a kobold, wielding a +0 club and quivering stones (heavily wounded, chance to affect: 75%)
The kobold struggles to resist.
The kobold hits you with a +0 club.
You die...

#...........###
#.........$...#
#........!....#
#.........#....#####
##.......## .......#
##.....## #......
###K.## #..... #K##
#...# ##@# ##...# #..#
###....# ########.##
##......##
#.........###..##....#
#...††........#####..#
#.........##### #.##
#.........# ##.# #
#.........# #..# ##
#.........# #.## #.


You could see 2 kobolds.

Vanquished Creatures
  3 endoplasms (D:1)
  4 jackals (D:1)
  A ball python (D:1)
  2 bats (D:1)
  2 frilled lizards (D:1)
  2 goblins (D:1)
  3 rats (D:1)
17 creatures vanquished.

Vanquished Creatures (collateral kills)
  An endoplasm (D:1)
  A hobgoblin (D:1)
2 creatures vanquished.

Vanquished Creatures (others)
  An endoplasm (D:1)
1 creature vanquished.

Grand Total: 20 creatures vanquished

Notes
Turn   | Place    | Note
-------+----------+-------------------------------------------
     0 | D:1      | H0rd4k the Human Artificer began the quest for the Orb.
     0 | D:1      | Reached XP level 1. HP: 15/15 MP: 1/1
    64 | D:1      | Reached XP level 2. HP: 15/21 MP: 2/2
   439 | D:1      | Reached XP level 3. HP: 11/26 MP: 3/3
   448 | D:1      | Slain by a kobold

Illustrated notes

Levels and vault maps discovered:
D:1:      shiori_shiawase, layout_rooms

Action                     || total
---------------------------++-------
  Melee: Club              ||    83
  Evoke: Wand              ||     4
 Armour: Leather armour    ||    33
  Dodge: Dodged            ||    79
